 Dungeon Crawl Stone Soup version 0.26.0-10-g1f06aea511 (webtiles) character file.

Game seed: 16080878281154401787

2390 Arthanis the Shield-Bearer (level 9, -3/74 HPs)
             Began as a Gnoll Fighter on Jan 18, 2021.
             Was a Follower of Makhleb.
             Slain by a killer bee (4 damage)
             ... on level 7 of the Dungeon.
             The game lasted 00:06:14 (6666 turns).

Arthanis the Shield-Bearer (Gnoll Fighter)          Turns: 6666, Time: 00:06:15

Health: -3/74      AC:  9    Str: 18    XL:     9   Next: 46%
Magic:  0/15       EV: 10    Int: 14    God:    Makhleb [*.....]
Gold:   319        SH: 11    Dex: 15    Spells: 16/16 levels left

rFire    . . .     SeeInvis +   a - +0 war axe
rCold    . . .     Faith    .   c - +0 kite shield
rNeg     . . .     Spirit   +   b - +0 scale mail
rPois    .         Reflect  .   s - +0 helmet
rElec    .         Harm     .   j - scarf {repulsion}
rCorr    .         Rampage  .   (no gloves)
Will     .....                  (no boots)
Stlth    +.........             x - amulet of guardian spirit
HPRegen  0.22/turn              n - ring of see invisible
MPRegen  0.14/turn              (no ring)

@: brilliant, lethally poisoned (-3 -> -17), attractive, flying, repel missiles
A: distributed training, fangs 1, strong nose
a: Renounce Religion


You were on level 7 of the Dungeon.
You worshipped Makhleb.
Makhleb was aware of your devotion.
You visited 2 branches of the dungeon, and saw 8 of its levels.

You collected 319 gold pieces.

Inventory:

Hand Weapons
 a - a +0 war axe (weapon)
 d - a +0 scythe
 r - a +1 spear of flaming
 J - a +0 whip of flaming
Missiles
 i - 4 javelins (quivered)
 C - 2 throwing nets
Armour
 b - a +0 scale mail (worn)
 c - a +0 kite shield (worn)
 j - a scarf of repulsion (worn)
 s - a +0 helmet (worn)
 L - a +0 helmet
Jewellery
 n - a ring of see invisible (left hand)
 w - an uncursed amulet of reflection
 x - an amulet of guardian spirit (around neck)
 F - an uncursed amulet of the acrobat
 K - an uncursed amulet of regeneration
Wands
 B - a wand of random effects (25)
 H - a wand of disintegration (9)
 I - a wand of enslavement (10)
 M - a wand of polymorph (8)
Scrolls
 e - a scroll of fear {unknown}
 h - 4 scrolls of remove curse {unknown}
 l - 4 scrolls of immolation {unknown}
 m - 2 scrolls of blinking {unknown}
 o - a scroll of magic mapping {unknown}
 q - 2 scrolls of enchant armour {unknown}
 t - 11 scrolls of identify {unknown}
 y - a scroll of amnesia {unknown}
 z - a scroll of teleportation {unknown}
 D - a scroll of noise {unknown}
Potions
 f - 3 potions of curing {unknown}
 g - 3 potions of brilliance
 k - 2 potions of ambrosia {unknown}
 p - a potion of attraction
 u - 4 potions of flight
 v - a potion of lignification {unknown}
 A - 2 potions of degeneration {unknown}
 E - a potion of cancellation {unknown}
 G - 2 potions of magic {unknown}


   Skills:
 + Level 7.9 Fighting
 + Level 4.2 Short Blades
 + Level 4.2 Long Blades
 + Level 6.3 Axes
 + Level 4.2 Maces & Flails
 + Level 4.2 Polearms
 + Level 4.2 Staves
 + Level 4.2 Slings
 + Level 4.2 Bows
 + Level 4.2 Crossbows
 + Level 4.2 Throwing
 + Level 7.9 Armour
 + Level 4.2 Dodging
 + Level 4.2 Stealth
 + Level 7.9 Shields
 + Level 4.2 Unarmed Combat
 + Level 4.2 Spellcasting
 + Level 3.5 Conjurations
 + Level 3.5 Hexes
 + Level 3.5 Summonings
 + Level 3.5 Necromancy
 + Level 3.5 Translocations
 + Level 3.5 Transmutations
 + Level 3.5 Fire Magic
 + Level 3.5 Ice Magic
 + Level 3.5 Air Magic
 + Level 3.5 Earth Magic
 + Level 3.5 Poison Magic
 + Level 4.7 Invocations
 + Level 4.2 Evocations


You had 16 spell levels left.
You didn't know any spells.
Your spell library was empty.

Dungeon Overview and Level Annotations

Branches:
Dungeon (7/15)             Temple (1/1) D:4

Altars:
Ashenzari
Cheibriados
Dithmenos
Elyvilon
Fedhas
Gozag
Hepliaklqana
Kikubaaqudgha
Makhleb
Nemelex Xobeh
Okawaru
Qazlal
Ru
Trog
Uskayaw
Vehumet
Wu Jian
Xom
Yredelemnul
Zin
The Shining One


Innate Abilities, Weirdness & Mutations

Your experience applies equally to all skills.
You have very sharp teeth.
Your uncanny sense of smell can sniff out nearby items.


Message History

You feel sick. The killer bee closely misses you.
You block the killer bee's attack. x2
The killer bee stings you but does no damage.
It was a potion of flight.
You feel very buoyant.
You fly up into the air.
* * * LOW HITPOINT WARNING * * *
You feel sick. The killer bee stings you.
* * * LOW HITPOINT WARNING * * *
You are more poisoned.
The killer bee poisons you! You block the killer bee's attack.
The killer bee closely misses you. The killer bee stings you.
* * * LOW HITPOINT WARNING * * *
It was a potion of attraction.
You feel attractive to monsters.
* * * LOW HITPOINT WARNING * * *
You feel sick.
The killer bee stings you but does no damage.
You block the killer bee's attack. The killer bee stings you.
You die...

#..<#.............
#(..#(................
##.#######(...####...#
).# ###....#..#...#
.... #......#..#._..
#.... #......#((#..(.
##..# ∆
#.[....####.... #+#
#......yyyB....
#......@### ####...##
##### ∆


You could see a worker ant, 3 killer bees and 2 dancing weapons.

Vanquished Creatures
  A wraith (D:6)
  Sigmund (D:2)
  2 ogres
  4 phantoms
  3 ice beasts (D:6)
  2 bullfrogs (D:6)
  A scorpion (D:5)
  4 killer bees
  2 howler monkeys
  A centaur zombie (D:6)
  A bullfrog zombie (D:6)
  A jelly (D:6)
  An orc priest (D:4)
  6 hounds
  6 orc wizards
  Jessica (D:3)
  Natasha (D:3)
  An iguana (D:6)
  2 worker ants (D:5)
  A howler monkey zombie (D:5)
  Robin (D:3)
  10 adders
  A gnoll (D:5)
  4 shadow imps
  An ufetubus (D:5)
  An ooze (D:5)
  An adder skeleton (D:6)
  An adder zombie (D:5)
  A leopard gecko (D:2)
  10 orcs
  4 giant cockroaches
  10 goblins
  12 hobgoblins
  7 jackals
  11 kobolds
  3 quokkas
  2 ball pythons
  6 bats
  10 frilled lizards
  A jackal skeleton (D:4)
  A leopard gecko skeleton (D:6)
  A leopard gecko zombie (D:7)
  7 rats
148 creatures vanquished.

Notes
Turn   | Place    | Note
-------+----------+-------------------------------------------
     0 | D:1      | Arthanis the Gnoll Fighter began the quest for the Orb.
     0 | D:1      | Reached XP level 1. HP: 23/23 MP: 1/1
   104 | D:1      | Reached XP level 2. HP: 29/29 MP: 2/2
   897 | D:2      | Reached XP level 3. HP: 24/35 MP: 3/3
  1173 | D:2      | Reached skill level 1 in Invocations
  1363 | D:2      | Noticed Sigmund
  1383 | D:2      | Killed Sigmund
  1384 | D:2      | Reached skill level 1 in Short Blades
  1384 | D:2      | Reached skill level 1 in Long Blades
  1384 | D:2      | Reached skill level 1 in Maces & Flails
  1384 | D:2      | Reached skill level 1 in Polearms
  1384 | D:2      | Reached skill level 1 in Staves
  1384 | D:2      | Reached skill level 1 in Slings
  1384 | D:2      | Reached skill level 1 in Bows
  1384 | D:2      | Reached skill level 1 in Crossbows
  1384 | D:2      | Reached skill level 1 in Throwing
  1384 | D:2      | Reached skill level 1 in Dodging
  1384 | D:2      | Reached skill level 1 in Stealth
  1384 | D:2      | Reached skill level 1 in Unarmed Combat
  1384 | D:2      | Reached skill level 1 in Spellcasting
  1384 | D:2      | Reached skill level 1 in Conjurations
  1384 | D:2      | Reached skill level 1 in Hexes
  1384 | D:2      | Reached skill level 1 in Summonings
  1384 | D:2      | Reached skill level 1 in Necromancy
  1384 | D:2      | Reached skill level 1 in Translocations
  1384 | D:2      | Reached skill level 1 in Transmutations
  1384 | D:2      | Reached skill level 1 in Fire Magic
  1384 | D:2      | Reached skill level 1 in Ice Magic
  1384 | D:2      | Reached skill level 1 in Air Magic
  1384 | D:2      | Reached skill level 1 in Earth Magic
  1384 | D:2      | Reached skill level 1 in Poison Magic
  1384 | D:2      | Reached skill level 1 in Evocations
  1384 | D:2      | Reached XP level 4. HP: 33/41 MP: 4/6
  1384 | D:2      | Reached XP level 5. HP: 38/47 MP: 4/7
  1620 | D:2      | Reached XP level 6. HP: 51/53 MP: 8/8
  1818 | D:3      | Noticed Robin
  1827 | D:3      | Killed Robin
  1954 | D:3      | Found a sacrificial altar of Ru.
  1971 | D:3      | Reached skill level 5 in Axes
  2184 | D:3      | Noticed Natasha
  2191 | D:3      | Killed Natasha
  2280 | D:3      | Noticed Jessica
  2299 | D:3      | Killed Jessica
  2488 | D:4      | Found a staircase to the Ecumenical Temple.
  2503 | D:4      | Reached XP level 7. HP: 21/60 MP: 10/10
  2515 | Temple   | Entered the Ecumenical Temple
  2820 | Temple   | Became a worshipper of Makhleb the Destroyer
  3598 | D:5      | Entered Level 5 of the Dungeon
  3727 | D:5      | Found a glowing golden altar of the Shining One.
  3727 | D:5      | Found a sacrificial altar of Ru.
  3727 | D:5      | Found an ornate altar of the Wu Jian Council.
  3733 | D:5      | Found a radiant altar of Vehumet.
  3773 | D:5      | Reached XP level 8. HP: 42/67 MP: 10/12
  5359 | D:6      | Noticed a wraith
  5460 | D:6      | Reached * piety under Makhleb
  5483 | D:6      | Killed a wraith
  5484 | D:6      | Reached XP level 9. HP: 10/72 MP: 8/14
  6630 | D:7      | Noticed a +0 dagger
  6630 | D:7      | Noticed a +0 dagger
  6645 | D:7      | Found a hide-covered altar of Uskayaw.
  6665 | D:7      | HP: 2/74 [killer bee (3)]
  6666 | D:7      | Slain by a killer bee

Illustrated notes

Levels and vault maps discovered:
D:1:      dpeg_arrival_chambers_temple_mockup, layout_loops_ring, st_stairs_11,
          item_on_display_a
D:2:      minmay_razor_zed, layout_basic, minmay_misc_feat_four_crosses,
          minmay_statues_item, kennysheep_generic_room_7, uniq_sigmund
D:3:      layout_basic, nicolae_ru_great_annihilating_truth, uniq_jessica,
          uniq_robin, uniq_natasha
D:4:      layout_gridville, minmay_temple_entry_proselytizer, serial_rivers,
          chequers_serial_rivers_large_a, chequers_serial_rivers_marsh,
          chequers_serial_rivers_small_3, chequers_serial_rivers_small_b,
          chequers_serial_rivers_small_a, chequers_serial_rivers_small_a
D:5:      layout_basic, nicolae_overflow_quartered_altars, cheibrodos_gnoll_hut
D:6:      minmay_chambers_of_sixes, layout_loops_corners
D:7:      layout_gridville, led_sif_pool, dancing_weapons_uskayaw,
          ebering_ghost_xom
Temple:   eino_temple_rhombus

Skill      XL: |  1  2  3  4  5  6  7  8  9 |
---------------+----------------------------+-----
Invocations    | 1 2 3 4 |  4.7
Short Blades   | 1 2 3 4 |  4.2
Long Blades    | 1 2 3 4 |  4.2
Maces & Flails | 1 2 3 4 |  4.2
Polearms       | 1 2 3 4 |  4.2
Staves         | 1 2 3 4 |  4.2
Slings         | 1 2 3 4 |  4.2
Bows           | 1 2 3 4 |  4.2
Crossbows      | 1 2 3 4 |  4.2
Throwing       | 1 2 3 4 |  4.2
Dodging        | 1 2 3 4 |  4.2
Stealth        | 1 2 3 4 |  4.2
Unarmed Combat | 1 2 3 4 |  4.2
Spellcasting   | 1 2 3 4 |  4.2
Conjurations   | 1 2 3 |  3.5
Hexes          | 1 2 3 |  3.5
Summonings     | 1 2 3 |  3.5
Necromancy     | 1 2 3 |  3.5
Translocations | 1 2 3 |  3.5
Transmutations | 1 2 3 |  3.5
Fire Magic     | 1 2 3 |  3.5
Ice Magic      | 1 2 3 |  3.5
Air Magic      | 1 2 3 |  3.5
Earth Magic    | 1 2 3 |  3.5
Poison Magic   | 1 2 3 |  3.5
Evocations     | 1 2 3 4 |  4.2
Axes           | 5 6 |  6.3
Fighting       | 7 |  7.9
Armour         | 7 |  7.9
Shields        | 7 |  7.9

Action                   |  1- 3 |  4- 6 |  7- 9 || total
-------------------------+-------+-------+-------++-------
Melee: War axe           |    96 |   125 |   322 ||   543
       Bite              |     3 |    12 |    34 ||    49
Evoke: Wand              |       |       |     3 ||     3
  Use: Potion            |     1 |       |     3 ||     4
 Stab: Paralysed         |       |     1 |     8 ||     9
       Sleeping          |       |       |     1 ||     1
Armor: Scale mail        |    35 |    51 |   115 ||   201
Dodge: Dodged            |    28 |    41 |   123 ||   192
       Repelled          |       |     1 |       ||     1
Block: Kite shield       |    49 |    74 |   212 ||   335
